 Dungeon Crawl Stone Soup version 0.30.0-19-g36f170ea60 (webtiles) character file.

Game seed: 9594992930853865542

202 MacCMillion the Shooter (level 5, 0/25 HPs)
             Began as a Spriggan Hunter on May 29, 2023.
             Killed by nerve-wracking pain
             ... invoked by Jessica
              (14 damage)
             ... on level 3 of the Dungeon.
             The game lasted 00:02:59 (2135 turns).

MacCMillion the Shooter (Spriggan Hunter)           Turns: 2135, Time: 00:02:59

Health: 0/25       AC:  3    Str: 13    XL:     5   Next: 50%
Magic:  6/6        EV: 23    Int: 10    God:
Gold:   278        SH:  0    Dex: 21    Spells: 4/4 levels left

rFire   . . .        a - +0 shortbow
rCold   . . .        (shield currently unavailable)
rNeg    . . .        c - +0 robe
rPois   +            i - +1 hat
rElec   .            (no cloak)
rCorr   .            (gloves unavailable)
SInv    +            (boots unavailable)
Will    .....        (no amulet)
Stlth   +++          r - ring "Zinuok" {*Slow Fly rPois EV+5 Str+6}
HPRegen 0.24/turn    (no ring)
MPRegen 0.10/turn

%: slow self (1%)
@: flying, very quick
A: very small, no large weapons, unfitting armour, see invisible, speed 3
a: no special abilities


You were on level 3 of the Dungeon.
You visited 1 branch of the dungeon, and saw 3 of its levels.

You collected 278 gold pieces.

Inventory:

Hand Weapons
 a - a +0 shortbow (weapon)
Armour
 c - a +0 robe (worn)
 i - a +1 hat (worn)
Jewellery
 r - the ring "Zinuok" (left hand) {*Slow Fly rPois EV+5 Str+6}
   (You found it on level 3 of the Dungeon)

   [ring of evasion]

   EV:        It affects your evasion (+5).
   Str:       It affects your strength (+6).
   rPois:     It protects you from poison.
   Fly:       It grants you flight.
   *Slow:     It may slow you when you take damage.
Scrolls
 b - 4 scrolls of immolation
 d - a scroll of magic mapping {unknown}
 f - a scroll of summoning {unknown}
 g - 3 scrolls of poison {unknown}
 h - a scroll of brand weapon {unknown}
 j - 2 scrolls of identify {unknown}
 l - a scroll of torment {unknown}
 n - 2 scrolls of teleportation {unknown}
Potions
 e - a potion of degeneration {unknown}
 k - a potion of curing {unknown}
 m - a potion of magic {unknown}
 o - a potion of attraction {unknown}
 p - 2 potions of haste {unknown}
 q - a potion of heal wounds {unknown}


   Skills:
 - Level 1.5 Fighting
 + Level 6.4 Ranged Weapons
 - Level 2.6 Dodging
 - Level 4.0 Stealth


You had 4 spell levels left.
You didn't know any spells.
Your spell library contained the following spells:

 Spells                   Type           Power      Damage    Failure   Level
 Sandblast                Erth           0%         2d4       36%         1
 Passwall                 Tmut/Erth      0%         N/A       50%         2
 Stone Arrow              Conj/Erth      0%         3d7       75%         3


Dungeon Overview and Level Annotations

Branches:
Dungeon (3/15)

Altars:
Gozag
Xom

Annotations:
D:2 Sigmund
D:3 Jessica


Innate Abilities, Weirdness & Mutations

You are very small and have problems with some larger weapons.
You are too small for most types of armour.
You have supernaturally acute eyesight. (SInv)
You cover ground extremely quickly. (Speed+++)


Message History

You destroy the phantom!
Your Ranged Weapons skill increases to level 6!
You have reached level 5!
You feel agile.
You start waiting.
Done waiting.
A quokka comes into view.
A quokka is nearby!
You shoot an arrow. The arrow hits the quokka!
You kill the quokka!
No target in view!
No target in view!
Jessica the Apprentice Sorceress comes into view.
She is wielding a +0 club.
Jessica shouts!
You see here a scroll labelled BIAROF KEEPS.
Jessica is nearby!
You shoot an arrow. The arrow hits Jessica.
Jessica is lightly wounded.
Jessica casts a spell at you. You resist with almost no effort.
You shoot an arrow.
The arrow hits Jessica but does no damage.
Jessica is lightly wounded.
You shoot an arrow. The arrow hits Jessica.
Jessica is moderately wounded.
You shoot an arrow. The arrow closely misses Jessica.
You shoot an arrow. The arrow hits Jessica.
Jessica is heavily wounded.
Jessica gestures at you while chanting. Pain shoots through your body!
Jessica casts a spell at you. Pain shoots through your body!
You shoot an arrow. The arrow barely misses Jessica.
Jessica looks very angry.
You shoot an arrow. The arrow hits Jessica.
Jessica is almost dead.
Jessica casts a spell at you. Pain shoots through your body!
Ouch! That really hurt!
You die...

#..##.#..#
#..#..#..#
#..#.##..#
#..#.##..#
#........#
####.#####
##########.#
#.......##.#
#..@.@..##.#
.............#
.......#..####
..........#
......##.##
....$. #.#
.##... ..#
....####


You could see Jessica.

Vanquished Creatures
  A phantom (D:3)
  3 gnolls (D:3)
  2 adders
  2 worms (D:3)
  2 dart slugs
  6 bats
  7 endoplasms
  3 giant cockroaches
  11 goblins
  6 hobgoblins
  6 jackals (D:1)
  2 kobolds
  3 quokkas
  5 ball pythons
  2 frilled lizards
  5 rats
66 creatures vanquished.

Notes
Turn   | Place    | Note
-------+----------+-------------------------------------------
     0 | D:1      | MacCMillion the Spriggan Hunter began the quest for the
                  | Orb.
     0 | D:1      | Reached XP level 1. HP: 10/10 MP: 2/2
   152 | D:1      | Reached XP level 2. HP: 13/14 MP: 3/3
   620 | D:1      | Reached XP level 3. HP: 18/18 MP: 4/4
   743 | D:2      | Identified the +1 whip "Juzynlo" {pain, Will+ Str+3 Dex+5
                  | SInv}
   762 | D:2      | Noticed Sigmund
   838 | D:2      | Identified the staff of earth "Coluchil" {rF+ rN+ Stlth+}
  1030 | D:2      | Reached skill level 5 in Ranged Weapons
  1278 | D:3      | Reached XP level 4. HP: 22/22 MP: 5/5
  1368 | D:3      | Found a shimmering altar of Xom.
  1982 | D:3      | Found an opulent altar of Gozag.
  1992 | D:3      | Identified the ring "Zinuok" {*Slow Fly rPois EV+5 Str+6}
  2000 | D:3      | Noticed a phantom
  2015 | D:3      | Killed a phantom
  2016 | D:3      | Reached skill level 6 in Ranged Weapons
  2016 | D:3      | Reached XP level 5. HP: 25/25 MP: 6/6
  2128 | D:3      | Noticed Jessica
  2135 | D:3      | Killed from afar by Jessica

Illustrated notes

Levels and vault maps discovered:
D:1:      minmay_arrival_open_corners, layout_basic
D:2:      layout_rooms, minmay_pentomino_v2, uniq_sigmund
D:3:      layout_loops_cross, nicolae_overflow_hidden_temple,
          amcnicky_altar_gilded, uniq_jessica

Skill      XL: |  1  2  3  4 |
---------------+-------------+-----
Stealth        | 2 3 4 |  4.0
Ranged Weapons | 5 6 |  6.4
Fighting       | |  1.5
Dodging        | |  2.6

Action                     |  1- 3 |  4- 6 || total
---------------------------+-------+-------++-------
   Fire: Shortbow          |   106 |    82 ||   188
 Armour: Robe              |     7 |     1 ||     8
  Dodge: Dodged            |    39 |    17 ||    56
